SAA
ATLANTIC CITY SONICS @ REMSEN ALPHAS
06/16/2019
 
TOP OF THE 1ST
Atlantic City Sonics batting - Pitching for Remsen Alphas : RHP Raúl Encarnación
Pitching: RHP Raúl Encarnación
Batting: RHB Josh Stafford 0-0: Called Strike
0-1: Ball
1-1: Called Strike
1-2: Ball
2-2: Fly out, F9 (Flyball, 9LM)
Batting: LHB Neal Hart 0-0: Foul Ball, location: 2F
0-1: Ball
1-1: Ball
2-1: Called Strike
2-2: Foul Ball, location: 2F
2-2: Ball
3-2: Foul Ball, location: 2F
3-2: Base on Balls
Batting: RHB António Granados 0-0: Ball
1-0: Swinging Strike
1-1: Ball
2-1: Foul Ball, location: 2F
2-2: Ball
3-2: SINGLE (Groundball, 4MS)
Neal Hart to second
Batting: LHB Pedro López 0-0: Ball
1-0: Called Strike
1-1: Swinging Strike
1-2: SINGLE (Line Drive, 56)
Neal Hart to third
António Granados to second
Batting: RHB Martín Álvarez 0-0: Ball
1-0: Called Strike
1-1: Ball
2-1: Ball
3-1: SINGLE (Line Drive, 56D)
Neal Hart scores
António Granados to third
Pedro López to second
Runner from 3rd tries for Home, SAFE, throw made home
Pedro López to third
Martín Álvarez to second
Batting: RHB Marty Hayden 0-0: Ball
1-0: Foul Ball, location: 2F
1-1: Foul Ball, location: 2F
1-2: Ball
2-2: Strikes out swinging
Batting: LHB Steven Johnson 0-0: Foul Ball, location: 2F
0-1: Ball
1-1: Ball
2-1: Swinging Strike
2-2: Ball
3-2: Strikes out swinging
Top of the 1st over - 2 run(s), 3 hit(s), 0 error(s), 2 left on base; Atlantic City 2 - Remsen 0
BOTTOM OF THE 1ST
Remsen Alphas batting - Pitching for Atlantic City Sonics : RHP Victor Brey
Pitching: RHP Victor Brey
Batting: SHB Cliff Hale 0-0: Foul Ball, location: 2F
0-1: SINGLE (Line Drive, 78M)
Batting: LHB Keith Alexander 0-0: Called Strike
0-1: Ball
1-1: Fly out, F6 (Popup, 6M)
Batting: RHB Bryan Wilson 0-0: Ball
1-0: Foul Ball, location: 2F
1-1: Ball
2-1: SINGLE (Groundball, 34D)
Cliff Hale to second
Throwing error, E9
Cliff Hale scores
Bryan Wilson to second
Batting: LHB Scott Britt 0-0: Ball
1-0: Ball
2-0: Ball
3-0: Base on Balls
Batting: RHB Sam Horton 0-0: Foul Ball, location: 2F
0-1: Foul Ball, location: 2F
0-2: Foul Ball, location: 2F
0-2: Ball
1-2: SINGLE (Flyball, 8LS)
Bryan Wilson to third
Scott Britt to second
Batting: RHB Francisco García 0-0: Ball
1-0: Foul Ball, location: 2F
1-1: Ball
2-1: Ball
3-1: Base on Balls
Bryan Wilson scores
Scott Britt to third
Sam Horton to second
Batting: RHB Manuel Martínez 0-0: Ground out 4-3 (Groundball, 4S)
Scott Britt scores
Sam Horton to third
Francisco García to second
Batting: RHB José Magana 0-0: Called Strike
0-1: SINGLE (Groundball, 56)
Sam Horton scores
Francisco García to third
Runner from 3rd tries for Home, SAFE, no throw or cutoff
Pitching: LHP Santiago Romo
Batting: RHB Juan Salinas 0-0: Ball
1-0: Ball
2-0: SINGLE (Line Drive, 6D)
José Magana to second
Batting: SHB Cliff Hale 0-0: Called Strike
0-1: Ball
1-1: Ball
2-1: Foul Ball, location: 2F
2-2: Fly out, F3 (Popup, 34)
Bottom of the 1st over - 5 run(s), 5 hit(s), 1 error(s), 2 left on base; Atlantic City 2 - Remsen 5
TOP OF THE 2ND
Atlantic City Sonics batting - Pitching for Remsen Alphas : RHP Raúl Encarnación
Batting: RHB Robbie Chambers 0-0: Foul Ball, location: 2F
0-1: SINGLE (Groundball, 56D)
Batting: RHB Jim Scott 0-0: Ground out 5-3 (Groundball, 56S)
Robbie Chambers to second
Batting: RHB Josh Stafford 0-0: Ball
1-0: Ball
2-0: Called Strike
2-1: Swinging Strike
2-2: Ball
3-2: Foul Ball, location: 2F
3-2: Strikes out swinging
Batting: LHB Neal Hart 0-0: Called Strike
0-1: Foul Ball, location: 2F
0-2: Hit by Pitch
Batting: RHB António Granados 0-0: Ball
1-0: Ball
2-0: Ball
3-0: Called Strike
3-1: Base on Balls
Robbie Chambers to third
Neal Hart to second
Batting: LHB Pedro López 0-0: Ball
1-0: Ball
2-0: Ball
3-0: Called Strike
3-1: Base on Balls
Robbie Chambers scores
Neal Hart to third
António Granados to second
Batting: RHB Martín Álvarez 0-0: Foul Ball, location: 2F
0-1: Ball
1-1: Ball
2-1: Fly out, F9 (Flyball, 89D)
Top of the 2nd over - 1 run(s), 1 hit(s), 0 error(s), 3 left on base; Atlantic City 3 - Remsen 5
BOTTOM OF THE 2ND
Remsen Alphas batting - Pitching for Atlantic City Sonics : LHP Santiago Romo
Batting: LHB Keith Alexander 0-0: Ball
1-0: Ground out 4-3 (Groundball, 4)
Batting: RHB Bryan Wilson 0-0: Called Strike
0-1: Ball
1-1: Ball
2-1: Swinging Strike
2-2: SINGLE (Groundball, 6D)
Batting: LHB Scott Britt 0-0: Swinging Strike
0-1: Ball
1-1: Called Strike
1-2: Strikes out swinging
Batting: RHB Sam Horton 0-0: Ball
1-0: Ground out 1-3 (Groundball, 15S)
Bottom of the 2nd over - 0 run(s), 1 hit(s), 0 error(s), 1 left on base; Atlantic City 3 - Remsen 5
TOP OF THE 3RD
Atlantic City Sonics batting - Pitching for Remsen Alphas : RHP Raúl Encarnación
Batting: RHB Marty Hayden 0-0: Foul Ball, location: 2F
0-1: Ball
1-1: Ball
2-1: Swinging Strike
2-2: Strikes out swinging
Batting: LHB Steven Johnson 0-0: Ball
1-0: Bunt for hit - play at first, batter safe!
Batting: RHB Robbie Chambers 0-0: Called Strike
0-1: Called Strike
0-2: Ball
1-2: Foul Ball, location: 2F
1-2: Ball
2-2: Ball
3-2: Strikes out looking
Batting: RHB Jim Scott 0-0: Swinging Strike
0-1: Ball
1-1: Swinging Strike
1-2: Ground out 6-3 (Groundball, 6)
Top of the 3rd over - 0 run(s), 1 hit(s), 0 error(s), 1 left on base; Atlantic City 3 - Remsen 5
BOTTOM OF THE 3RD
Remsen Alphas batting - Pitching for Atlantic City Sonics : LHP Santiago Romo
Batting: RHB Francisco García 0-0: Reached on error, E5 (Groundball, 5S)
Batting: RHB Manuel Martínez 0-0: Swinging Strike
0-1: Foul Ball, location: 2F
0-2: Foul Ball, location: 2F
0-2: Ball
1-2: Foul Ball, location: 2F
1-2: Foul Ball, location: 2F
1-2: Ball
2-2: Foul Ball, location: 2F
2-2: Foul Ball, location: 2F
2-2: Fly out, F7 (Flyball, 7M)
Batting: RHB José Magana 0-0: Called Strike
0-1: Ball
1-1: Ball
2-1: Swinging Strike
2-2: Grounds into double play, 5-4-3 (Groundball, 56)
Bottom of the 3rd over - 0 run(s), 0 hit(s), 1 error(s), 0 left on base; Atlantic City 3 - Remsen 5
TOP OF THE 4TH
Atlantic City Sonics batting - Pitching for Remsen Alphas : RHP Raúl Encarnación
Batting: RHB Josh Stafford 0-0: Foul Ball, location: 2F
0-1: Ball
1-1: SINGLE (Groundball, 6M)
Batting: LHB Neal Hart 0-0: Called Strike
Josh Stafford steals 2nd base
0-1: Called Strike
0-2: Foul Ball, location: 2F
0-2: Strikes out looking
Batting: RHB António Granados 0-0: Foul Ball, location: 2F
0-1: Ball
1-1: Foul Ball, location: 2F
1-2: Ball
2-2: Strikes out looking
Batting: LHB Pedro López 0-0: Ball
1-0: Called Strike
1-1: Fly out, F7 (Flyball, 7M)
Top of the 4th over - 0 run(s), 1 hit(s), 0 error(s), 1 left on base; Atlantic City 3 - Remsen 5
BOTTOM OF THE 4TH
Remsen Alphas batting - Pitching for Atlantic City Sonics : LHP Santiago Romo
Pitching: RHP Jorge Sánchez
Batting: RHB Juan Salinas 0-0: Ball
1-0: SINGLE (Line Drive, 78S)
Batting: SHB Cliff Hale 0-0: Ball
1-0: Fly out, F7 (Line Drive, 7M)
Batting: LHB Keith Alexander 0-0: Called Strike
0-1: Ball
1-1: Ball
2-1: Fly out, F7 (Flyball, 7S)
Batting: RHB Bryan Wilson 0-0: Ball
1-0: Called Strike
1-1: SINGLE (Line Drive, 6M)
Juan Salinas to second
Runner from 2nd tries for 3rd, SAFE, no throw or cutoff
Pinch Runner at 3rd Bert Motevassel:
Batting: LHB Scott Britt 0-0: Ball
1-0: Called Strike
1-1: Ball
2-1: Foul Ball, location: 2F
2-2: Ball
3-2: Fly out, F7 (Flyball, 78S)
Bottom of the 4th over - 0 run(s), 2 hit(s), 0 error(s), 2 left on base; Atlantic City 3 - Remsen 5
TOP OF THE 5TH
Atlantic City Sonics batting - Pitching for Remsen Alphas : RHP Raúl Encarnación
Now in CF: Bert Motevassel
Batting: RHB Martín Álvarez 0-0: Called Strike
0-1: Ball
1-1: Called Strike
1-2: Foul Ball, location: 2F
1-2: Foul Ball, location: 2F
1-2: Strikes out swinging
Batting: RHB Marty Hayden 0-0: Ball
1-0: Ball
2-0: Called Strike
2-1: Swinging Strike
2-2: Strikes out looking
Batting: LHB Steven Johnson 0-0: Called Strike
0-1: Swinging Strike
0-2: Ball
1-2: Fly out, F7 (Flyball, 7M)
Top of the 5th over - 0 run(s), 0 hit(s), 0 error(s), 0 left on base; Atlantic City 3 - Remsen 5
BOTTOM OF THE 5TH
Remsen Alphas batting - Pitching for Atlantic City Sonics : RHP Jorge Sánchez
Batting: RHB Sam Horton 0-0: Foul Ball, location: 2F
0-1: Foul Ball, location: 2F
0-2: Ball
1-2: Fly out, F4 (Line Drive, 4)
Batting: RHB Francisco García 0-0: Swinging Strike
0-1: Ball
1-1: Ball
2-1: Swinging Strike
2-2: Foul Ball, location: 2F
2-2: Foul Ball, location: 2F
2-2: Strikes out looking
Batting: RHB Manuel Martínez 0-0: Ball
1-0: Ball
2-0: Ball
3-0: Called Strike
3-1: Called Strike
3-2: Base on Balls
Batting: RHB José Magana 0-0: Ball
1-0: Called Strike
1-1: Fielders Choice at 2nd, 5-4 (Groundball, 56)
Bottom of the 5th over - 0 run(s), 0 hit(s), 0 error(s), 0 left on base; Atlantic City 3 - Remsen 5
TOP OF THE 6TH
Atlantic City Sonics batting - Pitching for Remsen Alphas : RHP Raúl Encarnación
Batting: RHB Robbie Chambers 0-0: Ball
1-0: Ball
2-0: Called Strike
2-1: Ball
3-1: Base on Balls
Pitching: LHP Joaquín Velázquez
Batting: RHB Jim Scott 0-0: Ball
1-0: SINGLE (Groundball, 34S)
Robbie Chambers to second
Runner from 2nd tries for 3rd, SAFE, no throw or cutoff
Batting: RHB Josh Stafford 0-0: Called Strike
0-1: Called Strike
0-2: Ball
1-2: Ball
2-2: Ball
3-2: Fly out, F7 (Flyball, 7M)
Runner from 3rd tags up, SCORES, no throw
Batting: LHB Neal Hart 0-0: Ball
1-0: Ball
2-0: Called Strike
2-1: Ball
3-1: Grounds into double play, 5-4-3 (Groundball, 56)
Top of the 6th over - 1 run(s), 1 hit(s), 0 error(s), 0 left on base; Atlantic City 4 - Remsen 5
BOTTOM OF THE 6TH
Remsen Alphas batting - Pitching for Atlantic City Sonics : RHP Jorge Sánchez
Pitching: LHP José Castro
Batting: RHB Bert Motevassel 0-0: Fly out, F3 (Popup, 3D)
Batting: SHB Cliff Hale 0-0: Called Strike
0-1: Foul Ball, location: 2F
0-2: Ball
1-2: Ball
2-2: Foul Ball, location: 2F
2-2: Ball
3-2: Foul Ball, location: 2F
3-2: Base on Balls
Batting: LHB Keith Alexander 0-0: Ball
1-0: Foul Ball, location: 2F
1-1: Ball
2-1: Ball
3-1: Swinging Strike
3-2: Grounds into double play, 3-6-1 (Groundball, 3)
Bottom of the 6th over - 0 run(s), 0 hit(s), 0 error(s), 0 left on base; Atlantic City 4 - Remsen 5
TOP OF THE 7TH
Atlantic City Sonics batting - Pitching for Remsen Alphas : LHP Joaquín Velázquez
Batting: RHB António Granados 0-0: Swinging Strike
0-1: Called Strike
0-2: Ball
1-2: Foul Ball, location: 2F
1-2: Strikes out swinging
Batting: LHB Pedro López 0-0: Called Strike
0-1: Swinging Strike
0-2: Strikes out swinging
Batting: RHB Martín Álvarez 0-0: Ball
1-0: Called Strike
1-1: Ball
2-1: Foul Ball, location: 2F
2-2: Ball
3-2: Foul Ball, location: 2F
3-2: Fly out, F7 (Flyball, 7D)
Top of the 7th over - 0 run(s), 0 hit(s), 0 error(s), 0 left on base; Atlantic City 4 - Remsen 5
BOTTOM OF THE 7TH
Remsen Alphas batting - Pitching for Atlantic City Sonics : LHP José Castro
Batting: RHB Bryan Wilson 0-0: Called Strike
0-1: Ball
1-1: Fly out, F8 (Flyball, 8RM)
Batting: LHB Scott Britt 0-0: Called Strike
0-1: Fly out, F7 (Flyball, 78M)
Batting: RHB Sam Horton 0-0: Ground out 6-3 (Groundball, 6)
Bottom of the 7th over - 0 run(s), 0 hit(s), 0 error(s), 0 left on base; Atlantic City 4 - Remsen 5
TOP OF THE 8TH
Atlantic City Sonics batting - Pitching for Remsen Alphas : LHP Joaquín Velázquez
Pitching: LHP Jim Unknown
Now at 2B: Keith Blackwell
Batting: RHB Marty Hayden 0-0: Called Strike
0-1: Ground out 6-3 (Groundball, 6M)
Batting: LHB Steven Johnson 0-0: Foul Ball, location: 2F
0-1: Foul Ball, location: 2F
0-2: Hit by Pitch
Pinch Hitting: RHB César Ramírez 0-0: Ball
1-0: Foul Ball, location: 2F
1-1: Ball
2-1: Ball
3-1: Base on Balls
Steven Johnson to second
Batting: RHB Jim Scott 0-0: Called Strike
0-1: Swinging Strike
0-2: Ball
1-2: Ball
2-2: Foul Ball, location: 2F
2-2: SINGLE (Line Drive, 6D)
Steven Johnson to third
César Ramírez to second
Runner from 3rd tries for Home, SAFE, no throw or cutoff
Pinch Runner at 2nd David Snyder:
Pinch Hitting: RHB Jim Unknown 0-0: SINGLE (Groundball, 6MD)
David Snyder to third
Jim Scott to second
Runner from 3rd tries for Home, SAFE, no throw or cutoff
Pitching: RHP Raúl Gálvez
Pinch Hitting: LHB Jim Unknown 0-0: Foul Ball, location: 2F
0-1: Ball
1-1: Ball
2-1: Swinging Strike
2-2: Ball
3-2: Grounds into double play, 4-6-3 (Groundball, 4)
Top of the 8th over - 2 run(s), 2 hit(s), 0 error(s), 1 left on base; Atlantic City 6 - Remsen 5
BOTTOM OF THE 8TH
Remsen Alphas batting - Pitching for Atlantic City Sonics : LHP José Castro
Pitching: RHP Jim Unknown
Now at 1B: Jim Unknown
Now at 2B: David Snyder
Now in RF: Jim Unknown
Batting: RHB Francisco García 0-0: SINGLE (Groundball, 56D)
Pinch Hitting: LHB Jim Unknown 0-0: Sac Bunt - play at first, batter OUT! 5-4
Francisco García to second
Batting: RHB José Magana 0-0: Ball
1-0: Ball
2-0: Ball
3-0: Base on Balls
Pinch Hitting: RHB Jim Unknown 0-0: Fly out, F8 (Flyball, 78D)
Batting: SHB Cliff Hale 0-0: Ball
1-0: Ball
2-0: Ball
3-0: Called Strike
3-1: Called Strike
3-2: Ground out 3-1 (Groundball, 34)
Bottom of the 8th over - 0 run(s), 1 hit(s), 0 error(s), 2 left on base; Atlantic City 6 - Remsen 5
TOP OF THE 9TH
Atlantic City Sonics batting - Pitching for Remsen Alphas : RHP Raúl Gálvez
Pitching: RHP Hänsel Freeh
Now at 1B: Jim Unknown
Now in RF: Jim Unknown
Batting: RHB António Granados 0-0: SINGLE (Line Drive, 4M)
Batting: LHB Pedro López 0-0: SINGLE (Flyball, 8LS)
António Granados to second
Runner from 2nd tries for 3rd, SAFE, no throw or cutoff
Pinch Hitting: LHB Lee Williams 0-0: Called Strike
0-1: Ball
1-1: Swinging Strike
1-2: Strikes out looking
Pinch Hitting: RHB Chris Teague 0-0: Called Strike
Pedro López steals 2nd base
0-1: SINGLE (Line Drive, 6M)
António Granados scores
Pedro López to third
Runner from 3rd tries for Home, SAFE, no throw or cutoff
Pitching: RHP Walt Newell
Batting: LHB Steven Johnson 0-0: Swinging Strike
0-1: Called Strike
0-2: SINGLE (Groundball, 56)
Chris Teague to second
Batting: SHB David Snyder 0-0: Ball
1-0: Ball
2-0: Ball
3-0: Base on Balls
Chris Teague to third
Steven Johnson to second
Batting: RHB Jim Scott 0-0: Ball
1-0: Fly out, F9 (Flyball, 89S)
Batting: RHB Jim Unknown 0-0: Ball
1-0: Foul Ball, location: 2F
1-1: Foul Ball, location: 2F
1-2: Ball
2-2: Fielders Choice at 2nd, 6-4 (Groundball, 6)
Top of the 9th over - 2 run(s), 4 hit(s), 0 error(s), 2 left on base; Atlantic City 8 - Remsen 5
BOTTOM OF THE 9TH
Remsen Alphas batting - Pitching for Atlantic City Sonics : RHP Jim Unknown
Now at 1B: Lee Williams
Now at 3B: Chris Henderson
Batting: LHB Keith Alexander 0-0: Ball
1-0: Ball
2-0: Called Strike
2-1: Swinging Strike
2-2: Reached on error, E6 (Groundball, 6M)
Batting: RHB Keith Blackwell 0-0: Ball
1-0: Foul Ball, location: 2F
1-1: Foul Ball, location: 2F
1-2: Ball
2-2: Ball
3-2: Ground out 4-3 (Groundball, 4M)
Keith Alexander to third
Batting: LHB Scott Britt 0-0: Ball
1-0: Fly out, F1 (Line Drive, 13)
Batting: RHB Sam Horton 0-0: Ground out 5-3 (Groundball, 56)
Bottom of the 9th over - 0 run(s), 0 hit(s), 1 error(s), 1 left on base; Atlantic City 8 - Remsen 5
This league is powered by Out of the Park Baseball, the baseball management simulation game for PC, Mac and Linux
Saturday, July 25th, 2015 - OOTP Baseball 15.6 Build 34